Selects Special Operations Battlegroup
Selects M29 Weasel Recon Vehicle
Construct Weapon Support Center
Construct Medical Station
Construct Medical Station
Mechanized Support Center
Designate Forward Repair Station
M3 Armored Personnel Carrier
Selects SSF Commando Squad
Selects P-47 Anti-Infantry Loiter
Selects UNKNOWN (2162291)
P-47 Anti-Infantry Loiter
M4A1(76) Sherman Medium Tank
P-47 Anti-Infantry Loiter
Designate Forward Repair Station